 Dungeon Crawl Stone Soup version 0.14.0-12-g87ee3b7 (webtiles) character file.

137 Bloax the Insei (level 3, -5/17 HPs)
             Began as a Vine Stalker Transmuter on Apr 15, 2014.
             Killed by divine providence
             ... invoked by an orc priest
              (7 damage)
             ... on Level 3 of the Dungeon.
             The game lasted 00:05:01 (813 turns).

Bloax the Insei (Vine Stalker Transmuter)            Turns: 813, Time: 00:05:01

HP  -5/17        AC  8     Str 12      XL: 3   Next: 43%
MP   0/7         EV  4     Int 13      God:
Gold 99          SH  0     Dex 15      Spells:  1 memorised,  6 levels left

rFire  + . .     SeeInvis .       - Unarmed
rCold  . . .     Clarity  .     e - +0 chain mail
rNeg   . . .     Conserve .     (no shield)
rPois  .         rCorr    .     (no helmet)
rElec  .         rRot     +     (no cloak)
SustAb . .       Spirit   +     (no gloves)
rMut   .         Warding  .     (no boots)
Saprov . . .     Stasis   .     (no amulet)
MR     .....                    (no ring)
                                l - ring of protection from fire {unknown}

@: not resistant to hostile enchantments, extremely unstealthy
A: fangs 2, regeneration 1, magic shield, antimagic bite, no device heal
a: no special abilities


You were on level 3 of the Dungeon.
You were not hungry.

You visited 1 branch of the dungeon, and saw 3 of its levels.

You collected 99 gold pieces.


Innate Abilities, Weirdness & Mutations

You are immune to rotting.
You have extremely sharp teeth.
Your natural rate of healing is unusually fast.
When hurt, damage is shared between your health and your magic reserves.
Your bite disrupts and absorbs the magic of your enemies.
Potions and wands cannot restore your HP.


   Skills:
 - Level 0.8 Fighting
 - Level 1.5 Dodging
 * Level 4.0 Unarmed Combat
 + Level 2.7 Spellcasting
 - Level 2.0 Transmutations


You had 6 spell levels left.
You knew the following spells:

 Your Spells              Type           Power        Failure   Level  Hunger
a - Beastly Appendage     Trmt           #.....       100%        1    #......


Dungeon Overview and Level Annotations

Branches:
Dungeon (3/15)

Altars:

Inventory:

Missiles
 b - 19 arrows
Armour
 e - a +0 chain mail (worn)
   (You found it on level 2 of the Dungeon)
Comestibles
 a - 3 bread rations
 j - a cheese
 m - a beef jerky
 q - a meat ration
Scrolls
 c - a scroll of fog {unknown}
 f - a scroll of magic mapping {unknown}
 g - 4 scrolls of remove curse {unknown}
 h - a scroll of recharging {unknown}
 i - 3 scrolls of identify {unknown}
 k - a scroll of teleportation {unknown}
 o - a scroll of amnesia {unknown}
Jewellery
 l - a ring of protection from fire (left hand) {unknown}
   (You found it on level 2 of the Dungeon)
Potions
 n - a potion of haste {unknown}
 p - 2 potions of heal wounds {unknown}
 r - a potion of agility {unknown}
Books
 d - a book of Changes

   Spells                             Type                      Level
   *Beastly Appendage                 Transmutation                1
   Sticks to Snakes                   Transmutation                2
   Spider Form                        Transmutation/Poison         3
   Ice Form                           Ice/Transmutation            4
   Blade Hands                        Transmutation                5

..................#..#
#.#.#.##......##........
.........................
...................#.....
#....###.#.#............
#..........#............
#..........#......#...##
#.....o.o...............
#.....o@o..#......#.....
#......o................
#..#.##.................
#.... ..................
..... .............(....
..#.##.#.......#.......
...>............).
.................. #.#
#.#..#.##....


You could see an orc priest and 4 orcs.


Message History

The rat barely misses you.
You hit the rat.
You kill the rat!
The giant mite barely misses you.
You hit the giant mite.
The giant mite is moderately wounded.
The giant mite barely misses you.
You closely miss the giant mite.
The giant mite is moderately wounded.
The giant mite bites you.
You closely miss the giant mite. You bite the giant mite. You drain its power.
The giant mite is heavily wounded.
The giant mite bites you.
You are poisoned.
The giant mite poisons you! The giant mite bites you.
You hit the giant mite but do no damage.
The giant mite is heavily wounded.
You feel sick. The giant mite barely misses you.
You punch the giant mite!
You kill the giant mite!
Your Unarmed Combat skill increases to level 4!
You feel sick.
You see here 5 poisoned needles.
g - 4 scrolls labeled UDIWUOBOWK (gained 1)
You feel sick.
You feel sick.
You are no longer poisoned. 2 orcs come into view.
The orc shouts!
An orc priest comes into view. It is wielding a flail.
An orc comes into view. It is wielding a short sword.
The orc priest shouts!
The orc shouts!
The orc hits you but does no damage.
An orc comes into view. It is wielding a club.
The orc shouts!
The orc hits you but does no damage.
Found a stone staircase leading down.
You hit the orc priest but do no damage.
The orc priest hits you with a flail. The orc barely misses you.
The orc hits you with a flail.
You closely miss the orc priest.
You bite the orc priest, but do no damage.
The orc hits you but does no damage. x2
The orc barely misses you. The orc priest hits you with a flail.
The orc hits you but does no damage. x3
You hit the orc priest.
The orc priest is lightly wounded.
The orc hits you with a flail.
* * * LOW HITPOINT WARNING * * *
The orc hits you with a short sword.
* * * LOW HITPOINT WARNING * * *
The orc priest hits you but does no damage.
The orc barely misses you. x2
Your chain mail prevents you from hitting the orc priest.
You bite the orc priest, but do no damage.
The orc priest is lightly wounded.
The orc hits you with a flail.
* * * LOW HITPOINT WARNING * * *
The orc hits you with a short sword.
* * * LOW HITPOINT WARNING * * *
The orc priest hits you but does no damage.
The orc hits you but does no damage.
You hit the orc priest.
The orc priest is moderately wounded.
The orc hits you but does no damage. The orc barely misses you.
The orc hits you with a flail.
* * * LOW HITPOINT WARNING * * *
The orc priest invokes the aid of Beogh against you.
Something smites you!
You die...

Action                   || total
-------------------------++-------
Melee: Unarmed           ||   104

Vault maps used:
D:1:      mrwooster_arrival_statue_2
D:2:      grunt_decor_cap

Notes
Turn   | Place    | Note
--------------------------------------------------------------
     0 | D:1      | Bloax, the Vine Stalker Transmuter, began the quest for the Orb.
     0 | D:1      | Reached XP level 1. HP: 9/9 MP: 3/3
   150 | D:1      | Reached XP level 2. HP: 10/14 MP: 5/5
   522 | D:2      | Reached XP level 3. HP: 17/17 MP: 7/7
   786 | D:3      | Reached skill level 4 in Unarmed Combat
   812 | D:3      | HP: 3/17 [orc/flail (2)]
   813 | D:3      | Killed from afar by an orc priest

Vanquished Creatures
  A giant mite (D:3)
  2 giant geckos (D:1)
  5 hobgoblins (D:1)
  A ball python (D:2)
  5 bats
  A giant cockroach (D:1)
  A giant newt (D:2)
  3 goblins
  2 kobolds (D:2)
  9 rats
30 creatures vanquished.
